 Dungeon Crawl Stone Soup version 0.30-a0-358-g0d69a1922f (webtiles) character file.

Game seed: 7731605187362781154

233194 nfeknkrwl the Tortoise (level 18, -3/171 (178) HPs)
             Began as a Minotaur Fighter on Nov 9, 2022.
             Was the Champion of Okawaru.
             Shot with an arrow by a deep elf master archer (19 damage)
             ... on level 3 of the Elven Halls.
             The game lasted 01:08:46 (27180 turns).

nfeknkrwl the Tortoise (Minotaur Fighter)          Turns: 27180, Time: 01:08:47

HP:   -3/171 (178)  AC: 52    Str: 38    XL:     18   Next: 84%
MP:   25/25         EV:  9    Int:  4    God:    Okawaru [******]
Gold: 1808          SH:  0    Dex: 10    Spells: 25/25 levels left

rFire   . . .      SeeInvis .    K - +5 battleaxe (elec)
rCold   + + +      Faith    .    (shield currently unavailable)
rNeg    . . .      Spirit   .    x - +15 plate armour "Nusoybbo" {+Blink rC++}
rPois   .          Reflect  .    j - +1 hat of the Camelopard {Harm rElec Regen+ Str+6}
rElec   +          Harm     +    N - +2 cloak {Stlth+}
rCorr   .          Rampage  .    l - +3 pair of gauntlets of War {Slay+5}
Will    +....                    d - +3 pair of mountain boots {steadfast, rC+}
Stlth   ..........               H - amulet "Qonlih" {RegenMP Regen+ Stlth+}
HPRegen 2.08/turn                R - +4 ring of slaying
MPRegen 0.59/turn                J - +4 ring of protection

@: about to teleport, lightly drained
A: horns 2, retaliatory headbutt, strong 1, noise suppression
}: 1/15 runes: gossamer
a: Renounce Religion, Evoke Blink, Heroism, Finesse, Duel


You were on level 3 of the Elven Halls.
You worshipped Okawaru.
Okawaru was exalted by your worship.
You visited 7 branches of the dungeon, and saw 31 of its levels.
You visited the Abyss 1 time.
You also visited: Bailey, Gauntlet and Volcano.

You collected 2891 gold pieces.
You spent 1083 gold pieces at shops.

Inventory:

Hand Weapons
 a - the +8 mithril axe "Arga" {speed, Will+}
   (Okawaru gifted it to you on level 3 of the Elven Halls)

   Attacks with this weapon are significantly faster.
   Will:      It increases your willpower.
 b - a +3 executioner's axe of draining
 q - a +0 broad axe of draining
 K - a +5 battleaxe of electrocution (weapon)
Missiles
 F - 7 throwing nets (quivered)
Armour
 c - a +0 buckler
 d - the +3 pair of mountain boots (worn) {steadfast, rC+}
   (Okawaru gifted it to you on level 11 of the Dungeon)

   It prevents involuntary movement, except for blinking, teleportation, or
   banishment.
   rC:        It protects you from cold.
 j - the +1 hat of the Camelopard (worn) {Harm rElec Regen+ Str+6}
   (You acquired it on level 2 of the Dungeon)

   Str:       It affects your strength (+6).
   rElec:     It insulates you from electricity.
   Regen:     It increases your rate of health regeneration.
   Harm:      It increases damage dealt and taken.
 l - the +3 pair of gauntlets of War (worn) {Slay+5}
   (You bought it in a shop on level 2 of the Orcish Mines)

   Slay:      It affects your accuracy & damage with ranged weapons and melee
   (+5).
 x - the +15 plate armour "Nusoybbo" (worn) {+Blink rC++}
   (Okawaru gifted it to you on level 15 of the Dungeon)

   rC:        It greatly protects you from cold.
   +Blink:    It lets you blink.
 B - the +6 plate armour of the Known World {+Inv rN+ Str+5 Int-3}
   (You found it in a Gauntlet)

   Str:       It affects your strength (+5).
   Int:       It affects your intelligence (-3).
   rN:        It protects you from negative energy.
   +Inv:      It lets you turn invisible.
 N - a +2 cloak of stealth (worn)
Jewellery
 n - a ring of ice
 v - a +6 ring of strength
 H - the amulet "Qonlih" (around neck) {RegenMP Regen+ Stlth+}
   (You found it on level 3 of the Elven Halls)

   [amulet of magic regeneration]

   It increases your rate of magic regeneration.
   Regen:     It increases your rate of health regeneration.
   Stlth:     It makes you more stealthy.
 J - a +4 ring of protection (right hand)
 M - a ring of positive energy
 R - a +4 ring of slaying (left hand)
 Y - the ring of Gaibbufue {Fire rElec rPois rCorr Str+3}
   (You found it on level 3 of the Elven Halls)

   [ring of fire]

   It enhances your fire magic.
   Str:       It affects your strength (+3).
   rF:        It protects you from fire.
   rC:        It makes you vulnerable to cold.
   rElec:     It insulates you from electricity.
   rPois:     It protects you from poison.
   rCorr:     It protects you from acid and corrosion.
Wands
 g - a wand of flame (24)
 p - a wand of roots (16)
 y - a wand of mindburst (28)
 C - a wand of paralysis (20)
 D - a wand of acid (12)
 L - a wand of polymorph (19)
Scrolls
 f - 7 scrolls of teleportation
 i - 5 scrolls of amnesia
 m - 7 scrolls of immolation
 G - a scroll of brand weapon
 I - 4 scrolls of silence
 P - 3 scrolls of fear
 V - 4 scrolls of magic mapping
 Z - 2 scrolls of enchant armour
Potions
 e - 8 potions of ambrosia
 h - 10 potions of curing
 k - 7 potions of attraction
 o - a potion of haste
 r - 2 potions of flight
 s - 3 potions of resistance
 t - 8 potions of lignification
 w - 7 potions of magic
 z - 3 potions of cancellation
 A - 9 potions of brilliance
 E - 5 potions of mutation
 Q - 2 potions of heal wounds
 W - a potion of might
 X - a potion of berserk rage
Miscellaneous
 u - a condenser vane
 S - a phial of floods
 T - a tin of tremorstones (2/2)


   Skills:
 + Level 19.8 Fighting
 + Level 19.6 Axes
 + Level 19.9 Armour
 + Level 19.8 Shields
 - Level 4.0 Spellcasting
 - Level 11.0 Invocations


You had 25 spell levels left.
You didn't know any spells.
Your spell library contained the following spells:

 Spells                   Type           Power      Damage    Failure   Level
 Apportation              Tloc           0%         N/A       75%         1
 Foxfire                  Conj/Fire      0%         2x1d4     75%         1
 Freeze                   Ice            0%         1d3       75%         1
 Kiss of Death            Conj/Necr      0%         2d5       75%         1
 Magic Dart               Conj           0%         1d3       75%         1
 Necrotise                Necr           0%         1d4       75%         1
 Sandblast                Erth           0%         2d4       75%         1
 Slow                     Hex            0%         N/A       75%         1
 Ensorcelled Hibernation  Hex/Ice        0%         N/A       87%         2
 Passwall                 Tmut/Erth      0%         N/A       87%         2
 Searing Ray              Conj           0%         2d4       87%         2
 Confusing Touch          Hex            0%         N/A       98%         3
 Frozen Ramparts          Ice            0%         1d1       98%         3
 Gell's Gravitas          Tloc           0%         N/A       98%         3
 Hailstorm                Conj/Ice       0%         3d3       98%         3
 Ignite Poison            Fire/Tmut/Pois 0%         N/A       98%         3
 Inner Flame              Hex/Fire       0%         N/A       98%         3
 Lesser Beckoning         Tloc           0%         N/A       98%         3
 Ozocubu's Armour         Ice            0%         N/A       98%         3
 Portal Projectile        Hex/Tloc       0%         N/A       98%         3
 Spider Form              Tmut/Pois      0%         N/A       98%         3
 Stone Arrow              Conj/Erth      0%         3d7       98%         3
 Teleport Other           Tloc           0%         N/A       98%         3
 Airstrike                Air            0%         2d(0-16)  100%        4
 Anguish                  Hex/Necr       0%         N/A       100%        4
 Cause Fear               Hex            0%         N/A       100%        4
 Dispel Undead            Necr           0%         3d6       100%        4
 Fulminant Prism          Conj/Hex       0%         3d5       100%        4
 Leda's Liquefaction      Hex/Erth       0%         N/A       100%        4
 Passage of Golubria      Tloc           0%         N/A       100%        4
 Sticky Flame             Conj/Fire      0%         2d3       100%        4
 Agony                    Necr           0%         N/A       100%        5
 Arcjolt                  Conj/Air       0%         1d10      100%        5
 Fireball                 Conj/Fire      0%         3d3       100%        5
 Lightning Bolt           Conj/Air       0%         1d11      100%        5
 Metabolic Englaciation   Hex/Ice        0%         N/A       100%        5
 Silence                  Hex/Air        0%         N/A       100%        5
 Starburst                Conj/Fire      0%         6d3       100%        6
 Discord                  Hex            0%         N/A       100%        8
 Ignition                 Fire           0%         3d3       100%        8
 Lehudib's Crystal Spear  Conj/Erth      0%         10d2      100%        8
 Summon Small Mammal      Summ           Unusable   N/A       N/A         1
 Summon Lightning Spire   Summ/Air       Unusable   N/A       N/A         4
 Simulacrum               Ice/Necr       Unusable   N/A       N/A         6

Dungeon Overview and Level Annotations

Branches:
Dungeon (15/15)            Temple (1/1) D:5            Lair (5/5) D:9
 Shoals (1/4) Lair:2       Spider (4/4) Lair:2        Slime (0/5) Lair:4
    Orc (2/2) D:11            Elf (3/3) Orc:2        Vaults (0/5) D:14
 Depths (0/4) D:15         Bailey (visited)         Volcano (visited)
Gauntlet (visited)

Altars:
Ashenzari
Cheibriados
Dithmenos
Elyvilon
Fedhas
Gozag
Hepliaklqana
Kikubaaqudgha
Makhleb
Nemelex Xobeh
Okawaru
Qazlal
Ru
Sif Muna
Trog
Uskayaw
Vehumet
Wu Jian
Xom
Yredelemnul
Zin
The Shining One
Jiyva

Shops:
D:3 ::*(:   D:7 ?   Orc:2 (=[[   Elf:1 (   Elf:2 (

Portals:
Trove: D:11 (give +4 fire dragon scales)

Annotations:
Elf:2 2 runed translucent doors


Innate Abilities, Weirdness & Mutations

You have a pair of horns on your head.
You reflexively headbutt those who attack you in melee.
Your muscles are strong. (Str +4, Int/Dex -1)
You passively dampen the noise of your surroundings.


Message History

The deep elf master archer shoots an arrow.
The arrow hits you!!
* * * LOW HITPOINT WARNING * * *
A deep elf high priest comes into view. It is wielding a +0 scimitar.
As you read the scroll of fear, it crumbles to dust.
You assume a fearsome visage.
The deep elf high priest looks frightened!
The deep elf high priest shouts!
The deep elf demonologist looks frightened!
The deep elf master archer resists with some effort.
You feel sick.
The deep elf master archer shoots an arrow.
The arrow barely misses you.
The deep elf master archer shoots an arrow.
The arrow completely misses you.
As you read the scroll of fear, it crumbles to dust.
You assume a fearsome visage.
The deep elf master archer resists with some effort.
The deep elf blademaster shouts!
The deep elf blademaster resists with almost no effort.
You feel sick.
You are no longer poisoned.
The deep elf master archer shoots an arrow.
The arrow hits you but does no damage.
The deep elf master archer shoots an arrow.
The arrow hits you.
* * * LOW HITPOINT WARNING * * *
The deep elf demonologist gives up.
You feel much better.
The deep elf master archer shoots an arrow.
The arrow hits you!
* * * LOW HITPOINT WARNING * * *
The deep elf master archer shoots an arrow.
The arrow hits you.
* * * LOW HITPOINT WARNING * * *
As you read the scroll of teleportation, it crumbles to dust.
You feel strangely unstable.
The deep elf master archer shoots an arrow.
The arrow hits you!
You die...

##...# **,,,,,,,,,,,,,,* *
#####.####.e.....,.......###
#....#.##.......***...§...#.
##.....###......** **e..e..'. #
##.......##.....#* *#.....', ##
#........##...e.# #..e.e#.
.###........##.....## ##.....#.
..##........##.e....## ##......'.
.<'.........##..@....###...eee.#,
..####.....####...............##*
.## #.....#*,#'.............## *
## ###.####.}#...).........# #
#.# #..###.).........# #.#
#..,,##.......####### #.#
#?,,###)#######...... ##### #.#
#),##...## #........ ...)# #.#
*,##.....## #........


You could see a deep elf blademaster, a deep elf master archer and a deep elf
demonologist (fleeing).

Vanquished Creatures
  A bone dragon (Abyss:3)
  Jorgrun (D:14)
  Rupert (Orc:2)
  3 deep elf blademasters (Elf:3)
  Kirke (D:12)
  7 deep elf sorcerers
  6 emperor scorpions (Spider:4)
  2 ghost moths (Spider:4)
  3 deep elf elementalists
  An orc warlord (Orc:1)
  A stone giant (D:15)
  2 broodmothers
  6 deep elf demonologists
  4 deep elf annihilators (Elf:3)
  2 spark wasps
  A minotaur (Gauntlet)
  A red draconian (Volcano)
  A merfolk impaler (Shoals:1)
  3 deep elf death magi (Elf:3)
  Snorg (D:12)
  A merfolk javelineer (Shoals:1)
  4 deep elf high priests (Elf:3)
  5 entropy weavers
  2 merfolk avatars
  8 hydras
  A radroach (Spider:1)
  6 centaur warriors
  An ogre mage (D:14)
  A death knight (D:11)
  7 boulder beetles
  A jorogumo (Spider:3)
  A merfolk aquamancer (Shoals:1)
  4 two-headed ogres
  12 dancing weapons
  A death scarab (Spider:4)
  3 tengu warriors (D:15)
  Urug (Lair:3)
  17 death yaks
  6 orc high priests (Orc:2)
  3 deep troll earth magi (Elf:1)
  Sonja (D:12)
  6 deep elf knights
  Amaemon (D:8)
  3 deep trolls (Elf:1)
  A salamander mystic (Volcano)
  A sun moth (Spider:4)
  9 pharaoh ants
  7 steelbarb worms (Spider:4)
  3 sea snakes
  9 orb spiders
  7 wolf spider zombies
  A wizard (D:15)
  7 deep elf archers
  6 spectral wolf spiders (Spider:1)
  5 harpies
  9 deep elf zephyrmancers
  2 necromancers (D:13)
  4 salamanders (Volcano)
  7 oklob plants (Lair:4)
  22 deep elf pyromancers
  8 orc knights
  2 orc sorcerers
  A faun (Shoals:1)
  6 manticores
  4 ugly things
  18 wolf spiders
  9 cyclopes
  2 moths of wrath
  Maurice (D:8)
  19 elephants
  2 merfolk sirens (Shoals:1)
  5 molten gargoyles (Volcano)
  5 black mambas
  14 centaur zombies
  An orange demon (D:8)
  Maggie (D:8)
  2 torpor snails
  8 centaur skeletons (D:13)
  3 gargoyles
  2 kobold demonologists
  18 cane toads
  6 demonic crawlers
  2 unseen horrors (D:11)
  11 komodo dragons
  4 rime drakes
  2 freezing wraiths (D:14)
  5 yaktaurs (D:14)
  6 merfolk (Shoals:1)
  2 hornets
  6 meliai
  2 polar bears
  3 wind drakes
  22 tarantellas
  6 dream sheep (Lair:5)
  4 wolf spider simulacra (Spider:1)
  8 slime creatures
  11 blink frogs
  5 trolls
  6 snapping turtles
  A meliai zombie (D:12)
  23 culicivoras
  6 shadows
  25 jumping spiders
  4 flying skulls (D:13)
  2 vampires (D:12)
  7 wraiths
  8 water elementals
  A culicivora (shapeshifter) (D:15)
  4 wyverns
  46 yaks
  2 hogs (D:12)
  5 basilisks
  2 fire elementals
  A human (shapeshifter) (D:15)
  6 vampire mosquitoes
  2 steam dragons (Lair:5)
  51 redbacks
  Edmund (D:6)
  3 wargs
  Menkaure (D:7)
  10 water moccasins
  Duvessa (D:4)
  A floating eye (Lair:4)
  An ice beast (D:7)
  2 sky beasts (D:14)
  5 black bears
  44 orc warriors
  15 ogres
  A boggart (Gauntlet)
  17 wolves
  24 centaurs
  A phantom (D:5)
  Blork the orc (D:6)
  4 kobold brigands
  A bullfrog (shapeshifter) (D:13)
  A necrophage (D:6)
  8 bullfrogs
  4 gnoll sergeants
  5 scorpions
  12 wights
  Dowan (D:4)
  12 killer bees
  3 howler monkeys
  3 electric eels
  5 jellies
  4 gnoll boudas
  36 orc priests
  2 hounds
  Jessica (D:2)
  13 hell rats
  3 iguanas
  17 orc wizards
  A boggart simulacrum (D:15)
  38 gnolls
  5 adders
  2 shadow imps
  2 white imps
  2 worms
  2 dart slugs (D:2)
  112 orcs
  5 ball pythons
  5 endoplasms
  4 giant cockroaches (D:1)
  8 goblins
  3 hobgoblins
  7 jackals
  4 quokkas
  4 bats
  3 frilled lizards (D:1)
  28 kobolds
  6 rats
  4 bushes
1190 creatures vanquished.

Vanquished Creatures (others)
  A merfolk aquamancer (Shoals:1)
  A wraith (D:12)
  A shadow (D:12)
  An ogre (D:14)
  A bullfrog (D:8)
  An orc priest (Orc:2)
  4 orcs (Orc:2)
  3 bushes (Lair:5)
  24 fungi
  82 plants
  14 withered plants
133 creatures vanquished.

Grand Total: 1323 creatures vanquished

Notes
Turn   | Place    | Note
-------+----------+-------------------------------------------
     0 | D:1      | nfeknkrwl the Minotaur Fighter began the quest for the Orb.
     0 | D:1      | Reached XP level 1. HP: 19/19 MP: 0/0
   121 | D:1      | Reached XP level 2. HP: 27/27 MP: 1/1
   293 | D:1      | Reached XP level 3. HP: 27/33 MP: 2/2
   687 | D:2      | Noticed Jessica
   692 | D:2      | Killed Jessica
   693 | D:2      | Reached XP level 4. HP: 34/41 MP: 3/3
  1020 | D:2      | Identified a scroll of acquirement
  1020 | D:2      | Acquired the +1 hat of the Camelopard {Harm rElec Regen+
                  | Str+6}
  1380 | D:3      | Found a faded altar of an unknown god.
  1380 | D:3      | Found Ytsoy's Book Emporium.
  1455 | D:3      | Found Xeuz's General Store.
  1796 | D:3      | Found a faded altar of an unknown god.
  1800 | D:3      | Found a broken altar of Ashenzari.
  1882 | D:3      | Found Faycwib's Weapon Boutique.
  1909 | D:3      | Found Nirheufiwi's Book Emporium.
  1992 | D:3      | Found Ugiez's Book Boutique.
  2073 | D:4      | Noticed a scorpion
  2083 | D:4      | Killed a scorpion
  2084 | D:4      | Reached XP level 5. HP: 41/47 MP: 4/4
  2110 | D:4      | Gained mutation: You passively dampen the noise of your
                  | surroundings. [potion of mutation]
  2110 | D:4      | Gained mutation: Your muscles are strong. (Str +4, Int/Dex
                  | -1) [potion of mutation]
  2221 | D:4      | Reached skill level 5 in Fighting
  2221 | D:4      | Reached skill level 5 in Armour
  2221 | D:4      | Reached skill level 5 in Shields
  2328 | D:4      | Noticed an ogre
  2330 | D:4      | Killed an ogre
  2331 | D:4      | Reached XP level 6. HP: 46/56 MP: 5/5
  2585 | D:4      | Noticed Duvessa
  2585 | D:4      | Noticed Dowan
  2593 | D:4      | Killed Dowan
  2596 | D:4      | Killed Duvessa
  2755 | D:5      | Entered Level 5 of the Dungeon
  2758 | D:5      | Reached skill level 5 in Axes
  2758 | D:5      | Reached XP level 7. HP: 62/62 MP: 6/6
  2988 | D:5      | Reached XP level 8. HP: 69/71 MP: 7/7
  3246 | D:5      | Found a staircase to the Ecumenical Temple.
  3260 | Temple   | Entered the Ecumenical Temple
  3334 | Temple   | Became a worshipper of Warmaster Okawaru
  3738 | D:6      | Noticed Blork the orc
  3743 | D:6      | Killed Blork the orc
  3752 | D:6      | You fall into a shaft and drop 2 floors!
  3855 | D:8      | Reached * piety under Okawaru
  3856 | D:8      | Reached XP level 9. HP: 67/81 MP: 8/8
  3868 | D:8      | Noticed Maggie
  3877 | D:8      | Killed Maggie
  3878 | D:8      | Found a sparkling altar of Nemelex Xobeh.
  4036 | D:8      | Found a flagged portal.
  4047 | Bailey   | Entered a bailey
  4519 | D:6      | Reached ** piety under Okawaru
  5249 | D:6      | Noticed Edmund
  5254 | D:6      | Killed Edmund
  5602 | D:7      | Reached XP level 10. HP: 68/91 MP: 9/9
  5849 | D:7      | Noticed Menkaure
  5851 | D:7      | Killed Menkaure
  5852 | D:7      | Found Zahopyrana's Magic Scroll Boutique.
  5858 | D:7      | Bought a scroll of identify for 24 gold pieces
  5858 | D:7      | Bought a scroll of identify for 24 gold pieces
  5858 | D:7      | Bought a scroll of identify for 24 gold pieces
  5858 | D:7      | Bought a scroll of identify for 24 gold pieces
  5942 | D:8      | Noticed Maurice
  5947 | D:8      | Reached *** piety under Okawaru
  5960 | D:8      | Killed Maurice
  6030 | D:8      | Noticed an orange demon
  6032 | D:8      | Noticed Amaemon
  6041 | D:8      | Killed Amaemon
  6042 | D:8      | Reached skill level 10 in Fighting
  6042 | D:8      | Reached skill level 10 in Armour
  6042 | D:8      | Reached skill level 10 in Shields
  6044 | D:8      | Killed an orange demon
  6114 | D:9      | Noticed a death yak
  6116 | D:9      | Found a staircase to the Lair.
  6116 | D:9      | Noticed a death yak
  6118 | D:9      | Noticed a death yak
  6133 | D:9      | Killed a death yak
  6133 | D:9      | Reached **** piety under Okawaru
  6133 | D:9      | Killed a death yak
  6133 | D:9      | Killed a death yak
  6133 | D:9      | Reached ***** piety under Okawaru
  6134 | D:9      | Reached skill level 10 in Axes
  6134 | D:9      | Reached XP level 11. HP: 28/101 MP: 10/10
  6696 | D:9      | Found a bloodstained altar of Trog.
  6710 | D:9      | Found a burning altar of Makhleb.
  6788 | D:9      | Reached skill level 1 in Invocations
  7019 | D:10     | Entered Level 10 of the Dungeon
  7393 | D:10     | Noticed a two-headed ogre
  7399 | D:10     | Killed a two-headed ogre
  8080 | D:11     | Noticed a white ugly thing
  8081 | D:11     | Found a staircase to the Orcish Mines.
  8087 | D:11     | Killed a white ugly thing
  8173 | D:11     | Found a portal to a secret trove of treasure.
  8235 | D:11     | Received a gift from Okawaru
  8323 | D:11     | Noticed a boulder beetle
  8328 | D:11     | Noticed a death knight
  8332 | D:11     | Noticed a two-headed ogre
  8332 | D:11     | Noticed a six-headed hydra
  8334 | D:11     | Noticed a centaur warrior
  8344 | D:11     | Killed a death knight
  8344 | D:11     | Killed a boulder beetle
  8346 | D:11     | Killed a centaur warrior
  8347 | D:11     | Reached XP level 12. HP: 42/112 MP: 2/14
  8349 | D:11     | Reached ****** piety under Okawaru
  8352 | D:11     | Killed an eight-headed hydra
  8354 | D:11     | Killed a two-headed ogre
  8357 | D:11     | Received a gift from Okawaru
  8357 | D:11     | Found the +3 pair of mountain boots {steadfast, rC+}
  8513 | D:11     | Identified the +8 rapier of Psychosis {speed, rN++ Int-5}
  8514 | D:11     | Identified the +6 great sword "Cyzun" {speed, *Rage rC++}
  8713 | D:11     | Reached skill level 5 in Invocations
  9326 | D:12     | Noticed a boulder beetle
  9339 | D:12     | Killed a boulder beetle
  9489 | D:12     | Got the Handbook of Sand
  9514 | D:12     | Noticed Kirke
  9531 | D:12     | Killed Kirke
  9536 | D:12     | Got Ts'ui Pên's Spellbook of Forking Paths
  9557 | D:12     | Got the Spellbook of Plaster Cramp
  9560 | D:12     | Noticed Sonja
  9670 | D:12     | Noticed a boulder beetle
  9674 | D:12     | Killed a boulder beetle
  9675 | D:12     | Reached XP level 13. HP: 114/122 MP: 14/16
  9714 | D:12     | Killed Sonja
  9714 | D:12     | Received a gift from Okawaru
 10092 | D:12     | Noticed Snorg
 10100 | D:12     | Killed Snorg
 10442 | D:13     | Found a gate leading to a gauntlet.
 10463 | Gauntlet | Entered a Gauntlet
 10463 | Gauntlet | Found a transporter.
 10463 | Gauntlet | Found a transporter.
 10464 | Gauntlet | Found a transporter.
 10465 | Gauntlet | Found a transporter.
 10465 | Gauntlet | Found a transporter.
 10469 | Gauntlet | Found a transporter.
 10476 | Gauntlet | Found a transporter.
 10477 | Gauntlet | Found a transporter.
 10478 | Gauntlet | Found a transporter.
 10479 | Gauntlet | Found a transporter.
 10487 | Gauntlet | Found a transporter.
 10488 | Gauntlet | Found a transporter.
 10643 | Gauntlet | Identified the +6 plate armour of the Known World {+Inv rN+
                  | Str+5 Int-3}
 10682 | Gauntlet | Identified the +0 pair of boots "Iseoleic" {rN+}
 10688 | Gauntlet | Identified the +2 troll leather armour "Saf Vafapp" {rC+
                  | Regen+} (Okawaru gifted it to you in a Gauntlet)
 10688 | Gauntlet | Received a gift from Okawaru
 10713 | Gauntlet | Noticed a minotaur
 10724 | Gauntlet | Killed a minotaur
 11293 | D:13     | Reached XP level 14. HP: 132/133 MP: 19/19
 11484 | D:14     | Received a gift from Okawaru
 11566 | D:14     | Noticed Jorgrun
 11589 | D:14     | Killed Jorgrun
 11800 | D:14     | Found a gate to the Vaults.
 12455 | Lair:1   | Entered Level 1 of the Lair of Beasts
 12539 | Lair:1   | Identified the +3 robe of the Gastropod {Str+3} (Okawaru
                  | gifted it to you on level 1 of the Lair of Beasts)
 12539 | Lair:1   | Received a gift from Okawaru
 12595 | Lair:1   | Reached skill level 15 in Armour
 12611 | Lair:1   | Reached skill level 15 in Fighting
 12611 | Lair:1   | Reached skill level 15 in Shields
 12761 | Lair:1   | Found a dark tunnel.
 12767 | Volcano  | Entered a volcano
 12982 | Volcano  | Noticed an orb of fire
 13000 | Volcano  | Reached skill level 15 in Axes
 13037 | Volcano  | Identified the +1 helmet "Taopn" {Str+3}
 13053 | Volcano  | Noticed an orb of fire
 13769 | Lair:2   | Found a staircase to the Shoals.
 14146 | Lair:2   | Found a hole to the Spider Nest.
 14563 | Lair:3   | Identified the +11 chain mail "Jiafo" {+Inv rPois rF+}
                  | (Okawaru gifted it to you on level 3 of the Lair of Beasts)
 14563 | Lair:3   | Received a gift from Okawaru
 14593 | Lair:3   | Reached XP level 15. HP: 141/141 MP: 21/21
 14621 | Lair:3   | Noticed Urug
 14626 | Lair:3   | Killed Urug
 14820 | Lair:3   | Found a sparkling altar of Nemelex Xobeh.
 14989 | Lair:3   | Found a hide-covered altar of Uskayaw.
 14991 | Lair:3   | Found an ornate altar of the Wu Jian Council.
 15344 | Lair:4   | Paralysed by a floating eye for 4 turns
 15685 | Lair:4   | Reached skill level 10 in Invocations
 16062 | Lair:4   | Found a viscous altar of Jiyva.
 16064 | Lair:4   | Found a staircase to the Slime Pits.
 16266 | Lair:5   | Entered Level 5 of the Lair of Beasts
 16305 | Lair:5   | Received a gift from Okawaru
 16752 | Lair:5   | Identified the +0 chain mail of Lecuka {rN++ rCorr Str-2}
                  | (Okawaru gifted it to you on level 5 of the Lair of Beasts)
 16752 | Lair:5   | Received a gift from Okawaru
 16925 | Lair:5   | Found the +8 demon blade "Leech" {vamp, Harm Drain rN+}
 16988 | Lair:5   | Reached XP level 16. HP: 130/152 MP: 23/23
 17149 | Lair:5   | Identified the +2 robe "Elirucwira" {Contam Fly Regen+
                  | Int+8}
 17521 | Orc:1    | Entered Level 1 of the Orcish Mines
 17984 | Orc:2    | Entered Level 2 of the Orcish Mines
 18083 | Orc:2    | Found a staircase to the Elven Halls.
 18222 | Orc:2    | Noticed Rupert
 18233 | Orc:2    | Killed Rupert
 18522 | Orc:2    | Received a gift from Okawaru
 18683 | Orc:2    | Found Nol Hyp's Weapon Shoppe.
 18684 | Orc:2    | Found Coatom's Antique Armour Emporium.
 18684 | Orc:2    | Found Qetzowka's Jewellery Shoppe.
 18685 | Orc:2    | Found Xuv Jola's Armour Shoppe.
 18691 | Orc:2    | Bought the +3 pair of gauntlets of War {Slay+5} for 807
                  | gold pieces
 18691 | Orc:2    | Found the +3 pair of gauntlets of War {Slay+5}
 18725 | Orc:2    | Bought a glowing cloak for 180 gold pieces
 19071 | D:15     | Entered Level 15 of the Dungeon
 19152 | D:15     | Received a gift from Okawaru
 19233 | D:15     | Found a staircase to the Depths.
 19382 | D:15     | Identified the +15 plate armour "Nusoybbo" {+Blink rC++}
                  | (Okawaru gifted it to you on level 15 of the Dungeon)
 19382 | D:15     | Received a gift from Okawaru
 19945 | Spider:1 | Entered Level 1 of the Spider Nest
 21202 | Spider:2 | Reached XP level 17. HP: 151/161 MP: 24/24
 21222 | Spider:2 | Identified the +6 ring mail "Cebront" {rPois}
 21477 | Spider:2 | Received a gift from Okawaru
 22353 | Spider:4 | Entered Level 4 of the Spider Nest
 22757 | Spider:4 | Reached skill level 1 in Spellcasting
 22816 | Spider:4 | Received a gift from Okawaru
 23612 | Spider:4 | Got a gossamer rune of Zot
 23775 | Shoals:1 | Entered Level 1 of the Shoals
 24064 | Shoals:1 | Identified the +1 robe of Bueczag {Fly rPois rCorr Str-4}
                  | (Okawaru gifted it to you on level 1 of the Shoals)
 24064 | Shoals:1 | Received a gift from Okawaru
 24630 | Elf:1    | Entered Level 1 of the Elven Halls
 24635 | Elf:1    | Reached XP level 18. HP: 170/174 MP: 25/25
 24935 | Elf:1    | Found Ekawan's Antique Weapon Shoppe.
 25462 | Elf:2    | Found Kuemnekh's Antique Weapon Boutique.
 25522 | Elf:2    | Found a runed translucent door.
 25555 | Elf:2    | Found a runed translucent door.
 25812 | Elf:3    | Entered Level 3 of the Elven Halls
 25844 | Elf:3    | Received a gift from Okawaru
 25975 | Elf:3    | Identified the ring of Gaibbufue {Fire rElec rPois rCorr
                  | Str+3}
 26590 | Abyss:3  | Cast into level 3 of the Abyss (a deep elf sorcerer)
 26616 | Abyss:3  | Noticed a bone dragon
 26629 | Abyss:3  | Killed a bone dragon
 26701 | Elf:3    | Escaped the Abyss
 26702 | Elf:3    | Received a gift from Okawaru
 26702 | Elf:3    | Found the +8 mithril axe "Arga" {speed, Will+}
 26802 | Elf:3    | Found the +5 sword of Power {vorpal}
 26829 | Elf:3    | Identified the +0 ring mail of Paopt {rPois Str+3}
 26830 | Elf:3    | Identified the amulet "Qonlih" {RegenMP Regen+ Stlth+}
 26925 | Elf:3    | Got Niopsus's Wizardry, Part One
 26929 | Elf:3    | Identified the amulet of Zaid {-Cast rN+ Regen+ Dex+6}
 26947 | Elf:3    | Identified the +2 rapier "Toghooxi" {vorpal, rElec Int+3
                  | Stlth-}
 27180 | Elf:3    | Shot with an arrow by a deep elf master archer

Illustrated notes

Levels and vault maps discovered:
D:1:      sevenhm_arrival_forest_fort_small_6, layout_basic
D:2:      layout_basic, uniq_jessica
D:3:      layout_loops_ring, nicolae_overflow_ecumenical_swirl, serial_shops,
          shop_statue, shop, nicolae_shop_waterfront, nicolae_shop_trees,
          nicolae_shop_hallway_stairs, basic_ecumenical_altar
D:4:      layout_basic, grunt_ministairs_6, uniq_duvessa
D:5:      layout_loops_ring, minmay_temple_entry_nine_rooms
D:6:      layout_basic, uniq_blork_the_orc, uniq_edmund
D:7:      layout_loops_ring, serial_shops, nicolae_square_shop, uniq_menkaure
D:8:      layout_basic, nemelex_altar_shiori, enter_bailey_2, uniq_maurice,
          uniq_maggie, uniq_amaemon
D:9:      layout_gridville, mainiacjoe_overflow_big_doors, dpeg_lair_monsters
D:10:     layout_long_grid
D:11:     layout_loops_ring, orc_0_dummy, nicolae_trove_entry_crystal,
          special_room [special_room_orc], minmay_the_grid_square_5x5_3x3_mashed
          [minmay_the_grid_square_5x5_spiral_small,
          minmay_the_grid_square_5x5_percent,
          minmay_the_grid_square_5x5_minimal, minmay_the_grid_square_5x5_bridge,
          minmay_the_grid_square_5x5_megaprize_crossed,
          minmay_the_grid_square_5x5_eight_small,
          minmay_the_grid_square_5x5_dogpile,
          minmay_the_grid_square_5x5_doubleslash,
          minmay_the_grid_square_5x5_intrusive_squares]
D:12:     layout_loops_ring, serial_undead, serial_undead_a, serial_undead_d,
          serial_undead_b, serial_undead_d, bh_hangedman_babel_library,
          uniq_sonja, uniq_snorg, uniq_kirke
D:13:     hangedman_screamer, layout_basic, gauntlet_entry_generic
D:14:     layout_loops_ring, hangedman_vaults_entry_quadrant_bands,
          dreamdust_looks_like_rain, uniq_jorgrun
D:15:     grunt_enter_depths_snipers, layout_gridville,
          ebering_dispersal_statue_hall
Temple:   nicolae_temple_bog_church
Lair:1:   layout_cellular_growth, enter_volcano_4, beast_lair_carwin_1,
          lemuel_fruit_fields
Lair:2:   layout_long_grid, shoals_dummy_entry,
          nicolae_spider_entry_tight_spaces, beast_lair_carwin_9
Lair:3:   layout_long_grid, basic_altar, nzn_masters_of_martial_movement,
          uniq_urug
Lair:4:   layout_loops_ring, minmay_slime_entry_oklob_enclosed, disabler_island,
          grunt_megastairs_5
Lair:5:   gammafunk_lair_ancient_temple, layout_cave_pods,
          nicolae_lair_grazing_beasts [nicolae_sub_lair_graze_edge,
          nicolae_sub_lair_graze_edge, nicolae_sub_lair_graze_edge,
          nicolae_sub_lair_graze_edge]
Shoals:1: layout_shoals
Spider:1: layout_chambers, nicolae_spider_undead_wolf_pack
Spider:2: layout_spider_delve
Spider:3: layout_spider_delve
Spider:4: grunt_spider_rune_circles
Orc:1:    layout_caves, basic_altar
Orc:2:    st_orc_pillars, layout_diamond_mine, basic_altar, uniq_rupert
Elf:1:    layout_gridlike, serial_shops, nicolae_take_the_stairs,
          minmay_elf_demonology, wad_floor_pattern_untrapped,
          minmay_misc_feat_columns, nicolae_elf_deep_friendship
Elf:2:    elven_hall_of_blades_hangedman_original
          [nicolae_blade_entry_splitting_headache], layout_loops_cross,
          serial_shops, nicolae_shop_trees, grunt_ministairs_9
Elf:3:    nooodl_elf_gasket, layout_loops_corners, hellmonk_bongcloud_opening

Skill      XL: |  1  2  3  4  5  6  7  8  9 10 11 12 13 14 15 16 17 18 |
---------------+-------------------------------------------------------+-----
Fighting       | 4 5 6 8 9 10 12 13 14 15 16 17 18 19 | 19.8
Armour         | 4 5 6 8 9 10 12 13 14 15 16 17 18 19 | 19.9
Shields        | 4 5 6 7 9 10 12 13 14 15 16 17 18 19 | 19.8
Axes           | 3 4 5 6 7 8 10 11 12 14 15 16 17 18 19 | 19.6
Invocations    | 4 6 8 9 10 11 | 11.0
Spellcasting   | 4 |  4.0

Action                   |  1- 3 |  4- 6 |  7- 9 | 10-12 | 13-15 | 16-18 || total
-------------------------+-------+-------+-------+-------+-------+-------++-------
Melee: War axe           |    67 |    77 |   207 |   340 |   260 |       ||   951
       Headbutt          |     7 |    11 |    32 |    74 |   174 |   204 ||   502
       Executioner's axe |       |       |       |       |   494 |   518 ||  1012
       Battleaxe         |       |       |       |       |       |   420 ||   420
Invok: Finesse           |       |       |       |     1 |       |     1 ||     2
Evoke: Wand              |       |       |       |     2 |       |       ||     2
  Use: Scroll            |     5 |    14 |     4 |    12 |     4 |    13 ||    52
       Potion            |       |     2 |     2 |    15 |     8 |    11 ||    38
 Stab: Paralysed         |       |       |     2 |       |       |       ||     2
       Invisible         |       |       |       |    11 |     4 |    11 ||    26
       Confused          |       |       |       |     1 |       |       ||     1
Armor: Scale mail        |    33 |    39 |    87 |   210 |    78 |       ||   447
       Plate armour      |       |       |       |       |   344 |   684 ||  1028
       Chain mail        |       |       |       |       |   265 |   206 ||   471
Dodge: Dodged            |    32 |    55 |   115 |   184 |   575 |   677 ||  1638
Block: Buckler           |    16 |    18 |    57 |   102 |   104 |       ||   297

Table legend: (Time is in decaauts)
 A = Elapsed time spent in this place.
 B = Non-inter-level travel time spent in this place.
 C = Inter-level travel time spent in this place.
 D = Time resting spent in this place.
 E = Time spent auto-exploring this place.
 F = Levels seen in this place.
 G = Mean time per level.
                   A        B        C        D        E       F      G
               +--------+--------+--------+--------+--------+-----+--------+
         Total |  27377 |  25516 |   1861 |    351 |  18815 |  35 |  782.2 |
       Dungeon |  12933 |  11921 |   1012 |    201 |   9174 |  15 |  862.2 |
        Temple |     95 |     81 |     14 |      0 |     61 |   1 |   95.0 |
          Lair |   4816 |   4513 |    303 |      0 |   3321 |   5 |  963.2 |
        Shoals |    760 |    698 |     62 |      0 |    519 |   1 |  760.0 |
   Spider Nest |   3804 |   3524 |    280 |     83 |   2639 |   4 |  951.0 |
  Orcish Mines |   1479 |   1353 |    126 |     44 |    889 |   2 |  739.5 |
   Elven Halls |   2382 |   2321 |     61 |      0 |   1698 |   3 |  794.0 |
         Abyss |     96 |     96 |      0 |      0 |     80 |   1 |   96.0 |
        Bailey |    315 |    315 |      0 |      0 |    189 |   1 |  315.0 |
       Volcano |    410 |    410 |      0 |     23 |     89 |   1 |  410.0 |
      Gauntlet |    283 |    283 |      0 |      0 |    153 |   1 |  283.0 |
               +--------+--------+--------+--------+--------+-----+--------+

Top non-repeatable levels by time:
    D:11: 1383 daAuts
Spider:1: 1267 daAuts
Spider:4: 1250 daAuts
    D:12: 1224 daAuts
  Lair:5: 1180 daAuts
    D:10: 1099 daAuts
   Elf:3: 1095 daAuts
    D:14: 1049 daAuts
  Lair:4: 998 daAuts
  Lair:2: 995 daAuts
   Orc:2: 989 daAuts
     D:9: 924 daAuts
     D:6: 923 daAuts
  Lair:1: 882 daAuts
     D:5: 872 daAuts
